[Event "Tuesday 23 January Rapid Engine Tour 12+1 Rounds 9 Starts 1600 ST"]
[Site "Infinity Chess"]
[Date "2018.1.23"]
[Round "3"]
[White "MarioDeMonti"]
[Black "Marsell"]
[Result "1/2-1/2"]
[ECO "C55"]
[WhiteElo "2477"]
[BlackElo "2497"]
[WhiteEngine "stockfish_x64_bmi2_2018_01_13_CTG"]
[BlackEngine "asmFishW_2018-01-11_popcnt"]
[EventType "Swiss"]
[WhiteTeam ""]
[BlackTeam ""]
[PlyCount "94"]
[TimeControl "720+1"]

1. e4 e5 2. Nf3 Nc6 3. Bc4 Nf6 4. d3 Bc5 5. c3 d6 6. O-O O-O 7. h3 a6 8. Re1 Ba7 
9. a4 h6 10. Nbd2 Re8 11. b4 Be6 12. Bxe6 Rxe6 13. Nf1 d5 14. Qc2 Qd7 
15. Be3 Bxe3 16. Nxe3 Rae8 17. b5 Ne7 18. Reb1 Ng6 19. c4 d4 20. Nf5 Kh7 
21. Qd2 Ra8 22. g3 Ne7 23. Re1 Qd8 24. a5 Nd7 25. Reb1 Ng8 26. Qb4 Ngf6 
27. N5h4 c6 28. bxc6 bxc6 29. Qa3 g6 30. Nd2 c5 31. Rb7 Rc6 32. Qb2 Rcc8 
33. Ng2 Rab8 34. f4 exf4 35. gxf4 Qe8 36. e5 Nh5 37. Ne4 Qe6 38. Kh2 g5 
39. fxg5 Qxe5+ 40. Kg1 hxg5 41. h4 Nhf6 42. Nxg5+ Kg7 43. Rf1 Qg3 44. Rf3 Qd6 
45. Rf1 Qg3 46. Rf3 Qd6 47. Rf1 Qg3 1/2-1/2

[Event "Tuesday 23 January Rapid Engine Tour 12+1 Rounds 9 Starts 1600 ST"]
[Site "Infinity Chess"]
[Date "2018.1.23"]
[Round "3"]
[White "ivrdurant"]
[Black "Gilgamesch"]
[Result "1/2-1/2"]
[ECO "C50"]
[WhiteElo "2389"]
[BlackElo "2483"]
[WhiteEngine "Raubfisch X37b3._CTG"]
[BlackEngine "BrainFish_171005_x64_bmi2"]
[EventType "Swiss"]
[WhiteTeam ""]
[BlackTeam ""]
[PlyCount "242"]
[TimeControl "720+1"]

1. e4 e5 2. Nf3 Nc6 3. Bc4 Bc5 4. O-O Nf6 5. d3 d6 6. c3 a5 7. Bg5 h6 8. Bh4 g5 
9. Bg3 O-O 10. a4 Kg7 11. Na3 Ne7 12. Nc2 Bb6 13. Bb3 Ng6 14. Ne3 Bxe3 
15. fxe3 Nh5 16. Be1 g4 17. Nd2 Qg5 18. Qe2 f5 19. exf5 Bxf5 20. g3 e4 
21. d4 Ne7 22. c4 Nf6 23. Bc2 b6 24. Nb1 Nh7 25. d5 Kg8 26. b4 axb4 27. Bxb4 Qh5 
28. h4 Bg6 29. Rxf8+ Rxf8 30. Nd2 Qe5 31. Qe1 c5 32. dxc6 Nxc6 33. Ba3 Nf6 
34. Rd1 Nd7 35. c5 dxc5 36. Nc4 Qc7 37. Bb2 Rf3 38. Rd6 Nde5 39. Bxe5 Nxe5 
40. Rxb6 Nxc4 41. Rxg6+ Kf7 42. Rxg4 Nxe3 43. Bxe4 Rf1+ 44. Qxf1+ Nxf1 
45. Kxf1 Qd6 46. Bf3 c4 47. Rxc4 Qxg3 48. Be2 Qe5 49. Kf2 Qh2+ 50. Ke1 Qg3+ 
51. Kf1 Qe5 52. Kf2 Qh2+ 53. Ke1 Qg1+ 54. Kd2 Qg2 55. Rg4 Qd5+ 56. Kc2 Qc5+ 
57. Rc4 Qf2 58. Re4 Qf5 59. Bd3 Kf6 60. Rd4 Qf2+ 61. Kc3 Qe1+ 62. Kc2 Qa1 
63. Rf4+ Ke5 64. Rc4 Kd6 65. Kd2 Qa2+ 66. Kc1 Qf2 67. Kd1 Qb6 68. Ke2 Qb3 
69. Kd2 Kd5 70. Ke3 Qb6+ 71. Kd2 Qa7 72. Rf4 Qa5+ 73. Kd1 Qa7 74. Kc2 Ke5 
75. Re4+ Kf6 76. Rg4 Qf2+ 77. Kc3 Qe3 78. Kc2 Qc5+ 79. Kb3 Qb6+ 80. Kc3 Qc5+ 
81. Kb2 Qe3 82. Bc2 Kf7 83. Re4 Qb6+ 84. Ka3 Qd6+ 85. Ka2 Kf6 86. Kb2 Qd2 
87. Rc4 h5 88. Re4 Kf7 89. Kb3 Qd5+ 90. Kb4 Kf8 91. Rf4+ Ke7 92. Rc4 Qd2+ 
93. Ka3 Kd6 94. Kb3 Qe3+ 95. Ka2 Kd5 96. Bb3 Kd6 97. Bc2 Qb6 98. Bb3 Kd7 
99. Rc2 Ke7 100. Rc4 Kf6 101. Rf4+ Ke5 102. Rc4 Qd6 103. Bc2 Qe6 104. Bb3 Qd6 
105. Bc2 Qb6 106. Bb3 Qf2+ 107. Ka3 Qf8+ 108. Ka2 Kd6 109. a5 Qf1 110. a6 Qf2+ 
111. Bc2 Qb6 112. Ra4 Kc7 113. a7 Qe6+ 114. Kb2 Qe5+ 115. Kb1 Qe1+ 116. Ka2 Qe2 
117. a8=Q Qxc2+ 118. Ka1 Qc1+ 119. Ka2 Qc2+ 120. Ka1 Qc1+ 121. Ka2 Qc2+ 1/2-1/2

[Event "Tuesday 23 January Rapid Engine Tour 12+1 Rounds 9 Starts 1600 ST"]
[Site "Infinity Chess"]
[Date "2018.1.23"]
[Round "3"]
[White "RonWeasley"]
[Black "Prometheus"]
[Result "1/2-1/2"]
[ECO "C55"]
[WhiteElo "2519"]
[BlackElo "2453"]
[WhiteEngine "BrainFish 130117_CTG"]
[BlackEngine "Eman 1.58-64bit-IDeA"]
[EventType "Swiss"]
[WhiteTeam ""]
[BlackTeam ""]
[PlyCount "134"]
[TimeControl "720+1"]

1. e4 e5 2. Nf3 Nc6 3. Bc4 Nf6 4. d3 Bc5 5. c3 a5 6. Bg5 h6 7. Bh4 d6 8. O-O g5 
9. Bg3 O-O 10. a4 Kg7 11. Na3 Be6 12. Bxe6 Bxa3 13. Rxa3 fxe6 14. h4 gxh4 
15. Nxh4 Kh7 16. d4 Qe8 17. dxe5 Nxe5 18. c4 Rd8 19. Qc2 Qc6 20. Re1 Nh5 
21. Bxe5 dxe5 22. g3 Nf6 23. c5 Ng4 24. Rf3 Nf6 25. Ra3 Ng4 26. Re2 Rd4 
27. Kg2 Rb4 28. Kh3 Nf6 29. Nf3 Qe8 30. c6 b6 31. Rd2 Qg6 32. Re3 Rxe4 
33. Nh4 Rxh4+ 34. gxh4 e4 35. Rg3 Qf5+ 36. Kh2 Kh8 37. Qc3 e5 38. Qa3 Rf7 
39. Qe3 Kh7 40. Qb3 Rf8 41. Qa3 Rf7 42. Qb3 Rf8 43. Qd1 h5 44. f3 Qf4 45. Kh3 e3 
46. Rdg2 Qf5+ 47. Kh2 Qf4 48. Kh1 e4 49. Kg1 Kh8 50. b3 Kh7 51. Rg7+ Kh8 
52. R7g3 Kh7 53. Kh1 Qxh4+ 54. Kg1 Qf4 55. Rh3 Rg8 56. Rxg8 Kxg8 57. Qe2 Kg7 
58. fxe4 Qg5+ 59. Qg2 Ng4 60. Kf1 Qc5 61. Qg3 Kg8 62. Qf4 Qc1+ 63. Kg2 Qd2+ 
64. Kg3 Qe1+ 65. Kg2 Qd2+ 66. Kg3 Qe1+ 67. Kg2 Qd2+ 1/2-1/2

[Event "Tuesday 23 January Rapid Engine Tour 12+1 Rounds 9 Starts 1600 ST"]
[Site "Infinity Chess"]
[Date "2018.1.23"]
[Round "2"]
[White "IronMan"]
[Black "OlivierEvan"]
[Result "1/2-1/2"]
[ECO "A07"]
[WhiteElo "2392"]
[BlackElo "2394"]
[WhiteEngine "Eman 1.58 64-bit BMI2"]
[BlackEngine "Houdini 6"]
[EventType "Swiss"]
[WhiteTeam ""]
[BlackTeam ""]
[PlyCount "98"]
[TimeControl "720+1"]

1. Nf3 d5 2. g3 Nf6 3. Bg2 c5 4. O-O e6 5. d4 cxd4 6. Nxd4 e5 7. Nb3 Be6 
8. Nc3 Be7 9. Bg5 Nbd7 10. f4 exf4 11. gxf4 Nb6 12. f5 Bd7 13. Qd4 h6 
14. Bxf6 Bxf6 15. Qe3+ Qe7 16. Qxe7+ Kxe7 17. Nxd5+ Nxd5 18. Bxd5 Bxb2 
19. Rab1 Bc3 20. Rbd1 Rac8 21. Bxb7 Rc7 22. Bd5 Kf6 23. Nd4 Bxd4+ 24. Rxd4 Ke5 
25. Rd3 Bxf5 26. Ra3 Kxd5 27. Rxf5+ Ke6 28. Rfa5 Ra8 29. c4 Rxc4 30. Ra6+ Ke7 
31. Rxa7+ Rxa7 32. Rxa7+ Kf6 33. Kf2 g6 34. Kf3 Rh4 35. Kg3 g5 36. a4 Kg6 
37. a5 Re4 38. Kf2 Ra4 39. a6 f5 40. Ra8 Kh5 41. a7 Kg4 42. Kg2 h5 43. h3+ Kh4 
44. Kf2 Ra2 45. Rf8 Rxa7 46. Rxf5 g4 47. hxg4 Kxg4 48. Rf6 h4 49. Rf3 h3 1/2-1/2

[Event "Tuesday 23 January Rapid Engine Tour 12+1 Rounds 9 Starts 1600 ST"]
[Site "Infinity Chess"]
[Date "2018.1.23"]
[Round "2"]
[White "angriff"]
[Black "Thinker"]
[Result "1/2-1/2"]
[ECO "E10"]
[WhiteElo "2433"]
[BlackElo "2406"]
[WhiteEngine "Raubfisch ME262_GTZ16b2_CTG"]
[BlackEngine "BrainFish_180113_x64_modern_CTG"]
[EventType "Swiss"]
[WhiteTeam ""]
[BlackTeam ""]
[PlyCount "113"]
[TimeControl "720+1"]

1. d4 Nf6 2. c4 e6 3. Nf3 d5 4. Nc3 Be7 5. Bf4 O-O 6. e3 Nbd7 7. a3 c5 
8. cxd5 Nxd5 9. Nxd5 exd5 10. dxc5 Nxc5 11. Be5 Bf5 12. Be2 Rc8 13. O-O Ne6 
14. Qb3 Bd6 15. Bxd6 Qxd6 16. Rac1 b6 17. Qa4 Qe7 18. Nd4 Nxd4 19. Qxd4 Qe4 
20. Qd2 Qe5 21. Ba6 Rxc1 22. Rxc1 h5 23. Qc3 Qxc3 24. Rxc3 Rd8 25. Rc1 Kf8 
26. h4 Ke7 27. Bb5 d4 28. exd4 Rxd4 29. Rc7+ Kf6 30. Be2 Be6 31. Rxa7 Rd2 
32. Bxh5 Rxb2 33. Bf3 g5 34. hxg5+ Kxg5 35. Rb7 Ra2 36. Rxb6 Rxa3 37. Bb7 Ra5 
38. Rd6 Ra7 39. Ba6 Kf4 40. Bb5 Ra1+ 41. Kh2 Ra2 42. f3 Rb2 43. Ba6 Ra2 
44. Bb7 Rb2 45. Ba6 Ra2 46. Bf1 Ra8 47. g3+ Ke3 48. Bg2 Bc4 49. Rc6 Be2 
50. f4 Kf2 51. Bh3 Rh8 52. Rc2 Rh6 53. Ra2 Ke3 54. Ra3+ Kf2 55. Ra2 Ke3 
56. Ra3+ Kf2 57. Ra2 1/2-1/2

[Event "Tuesday 23 January Rapid Engine Tour 12+1 Rounds 9 Starts 1600 ST"]
[Site "Infinity Chess"]
[Date "2018.1.23"]
[Round "2"]
[White "Wolle"]
[Black "Dinkelberger"]
[Result "1/2-1/2 "]
[ECO "C11"]
[WhiteElo "2487"]
[BlackElo "2371"]
[WhiteEngine "Raubfisch X37a2_CTG"]
[BlackEngine "stockfish_18011309_x64_modern_CTG"]
[EventType "Swiss"]
[WhiteTeam ""]
[BlackTeam ""]
[PlyCount "369"]
[TimeControl "720+1"]

1. e4 e6 2. d4 d5 3. Nc3 Nf6 4. e5 Nfd7 5. f4 c5 6. Nf3 Nc6 7. Be3 Be7 8. Qd2 a6 
9. Be2 b5 10. O-O O-O 11. a3 Qc7 12. Nd1 Na5 13. Qc1 f6 14. exf6 Nxf6 15. Nf2 c4 
16. Qe1 Nb7 17. c3 Nd6 18. Bd1 Nfe4 19. Qe2 Nxf2 20. Bxf2 Ne4 21. Bg3 Bb7 
22. Bc2 Rae8 23. Rae1 Bc6 24. Bxe4 dxe4 25. Nd2 Rf5 26. Nxe4 Bd5 27. Ng5 Qc8 
28. Nf3 Ref8 29. Ne5 Bd6 30. h3 Qb7 31. Rf2 Bxe5 32. dxe5 g5 33. Ref1 gxf4 
34. Rxf4 Rxf4 35. Rxf4 Rxf4 36. Bxf4 Qg7 37. Qf2 h5 38. Kh2 Be4 39. Bg3 Qg6 
40. Bh4 Kh7 41. Kg1 Bd5 42. Kh2 Be4 43. Bd8 Bd5 44. Be7 Kg8 45. Bf6 Kh7 
46. Qa7+ Kh6 47. Qf2 Kh7 48. Qa7+ Kh6 49. Qg1 Bc6 50. Qc1+ Kh7 51. Qd2 Bd5 
52. Qf2 Bc6 53. Qa7+ Kh6 54. Qg1 Kh7 55. Qa7+ Kh6 56. Qf2 Kh7 57. Be7 Bd5 
58. Qf1 Be4 59. Bd6 a5 60. Be7 a4 61. Qf2 Bd5 62. Bf6 Bc6 63. Qa7+ Kh6 
64. Qg1 Kh7 65. Qa7+ Kh6 66. Qe3+ Kh7 67. Qf2 Bd5 68. g4 Qe4 69. Bg5 Qxe5+ 
70. Bf4 Qe4 71. gxh5 e5 72. Bd2 Kg8 73. Kg3 Kg7 74. Bc1 Be6 75. Be3 Qh1 
76. h6+ Kg6 77. Qc2+ Bf5 78. Qg2 Qxg2+ 79. Kxg2 Be6 80. Kf3 Bd5+ 81. Kg4 Bg8 
82. Kf3 Bd5+ 83. Ke2 Be4 84. Kf2 Bd5 85. Kg3 Be6 86. h4 Bg8 87. Bg5 Kf5 
88. Kf3 Bh7 89. Kg3 Ke4 90. Bf6 Kf5 91. Bg7 Bg8 92. Bf8 Bh7 93. Bb4 Bg6 
94. Kf3 Kf6 95. Ke3 Bf5 96. Ba5 Bg6 97. Bd8+ Kf5 98. Bc7 Bh7 99. Bd6 Kf6 
100. Bc5 Bd3 101. Bb4 Ke6 102. Kd2 Bg6 103. Bf8 Kf5 104. Ke3 Kf6 105. Bc5 Kf5 
106. Bf8 Ke6 107. Kf2 Kf6 108. Bg7+ Kf5 109. Ke3 Bh7 110. Kf3 Bg6 111. Kg3 Bh7 
112. Bh8 Bg6 113. Bg7 Bh7 114. Kf3 Bg6 115. Ke3 Bh7 116. Bf8 Kf6 117. Kd2 Bg6 
118. Ke3 Ke6 119. Ke2 Kf7 120. Bc5 Kf6 121. Kf2 Bh7 122. Kg3 Bf5 123. Kf3 Kf7 
124. Ke3 Ke6 125. Kf3 Kf6 126. Be3 Kg6 127. Kg3 Kh5 128. Bg5 Be4 129. Bf6 Kxh6 
130. Bxe5 Kh5 131. Bd4 Kg6 132. Bc5 Bd3 133. Bd6 Be4 134. Kf4 Bd3 135. Kg3 Kf5 
136. Bc5 Be2 137. Kf2 Bh5 138. Ke3 Be8 139. Be7 Ke5 140. Bf8 Kf5 141. Kf3 Bh5+ 
142. Ke3 Be8 143. Be7 Bg6 144. Kd4 Kg4 145. Kc5 Be8 146. Kb6 Bd7 147. Kb7 Kh5 
148. Kc7 Be8 149. Kb6 Bd7 150. Bf6 Kg4 151. Kc7 Be8 152. Kd6 Kf4 153. Bg5+ Kg4 
154. Kc5 Bd7 155. Kb6 Kf5 156. Kb7 Kg6 157. Be7 Kf7 158. Bd8 Be8 159. Kb6 Kg6 
160. Kc5 Kh5 161. Bf6 Kg6 162. Be7 Kf7 163. Bg5 Kg6 164. Kd6 Kf5 165. Bd2 Kg4 
166. Bg5 Bf7 167. Kc7 Be8 168. Bf6 Kf5 169. Kd8 Bf7 170. Bg5 Bg6 171. Kc8 Be8 
172. Be7 Kg4 173. Bg5 Kh5 174. Kc7 Kg4 175. Be7 Kf5 176. Bb4 Bh5 177. Kc6 Be8+ 
178. Kc5 Kg4 179. Kd4 Kxh4 180. Bd6 Kg5 181. Bh2 Kg4 182. Ke3 Kg5 183. Be5 Bh5 
184. Kd4 Kf5 185. Bc7 1/2-1/2

[Event "Tuesday 23 January Rapid Engine Tour 12+1 Rounds 9 Starts 1600 ST"]
[Site "Infinity Chess"]
[Date "2018.1.23"]
[Round "2"]
[White "ivrdurant"]
[Black "BraveDevil"]
[Result "1-0 "]
[ECO "B90"]
[WhiteElo "2389"]
[BlackElo "2396"]
[WhiteEngine "Raubfisch X37b3._CTG"]
[BlackEngine "Cryptic AIL V2"]
[EventType "Swiss"]
[WhiteTeam ""]
[BlackTeam ""]
[PlyCount "27"]
[TimeControl "720+1"]

1. e4 c5 2. Nf3 d6 3. d4 cxd4 4. Nxd4 Nf6 5. Nc3 a6 6. Be3 e5 7. Nb3 Be7 
8. Be2 Be6 9. Qd3 Nc6 10. a3 Rc8 11. Nd5 O-O 12. Nb6 Rb8 13. Rd1 Nd7 14. Nxd7 
1-0

[Event "Tuesday 23 January Rapid Engine Tour 12+1 Rounds 9 Starts 1600 ST"]
[Site "Infinity Chess"]
[Date "2018.1.23"]
[Round "2"]
[White "Dovahkiin"]
[Black "hafaba"]
[Result "1/2-1/2"]
[ECO ""]
[WhiteElo "2426"]
[BlackElo "2419"]
[WhiteEngine "BrainFish_180113_x64_modern_CTG"]
[BlackEngine "Stockfish SL FA POPCNT_CTG"]
[EventType "Swiss"]
[WhiteTeam ""]
[BlackTeam ""]
[PlyCount "131"]
[TimeControl "720+1"]

1. e3 Nf6 2. d3 d5 3. d4 c5 4. Nf3 Nc6 5. c3 e6 6. Nbd2 Qc7 7. Bd3 b6 8. O-O Be7 
9. b3 O-O 10. Bb2 Bb7 11. Qe2 Rad8 12. Rad1 Rfe8 13. Rfe1 e5 14. Nxe5 Nxe5 
15. dxe5 Qxe5 16. Bb5 Rf8 17. Bd3 Rfe8 18. Bb5 Rf8 19. Bd3 Ne4 20. f4 Qf6 
21. Nxe4 dxe4 22. Bc4 Bc6 23. Rxd8 Rxd8 24. Rd1 Rxd1+ 25. Qxd1 g6 26. g3 h5 
27. a4 Qf5 28. Kf2 Bf6 29. Qd6 Bd7 30. a5 Kg7 31. axb6 axb6 32. Qd2 Kg8 
33. Bf1 Qe6 34. b4 cxb4 35. cxb4 Qa2 36. Qxd7 Qxb2+ 37. Kg1 Qxb4 38. Qd5 Qb1 
39. Kg2 Qc2+ 40. Kh3 Qc8+ 41. Kg2 Qf5 42. Qxf5 gxf5 43. Be2 h4 44. gxh4 Bxh4 
45. Bb5 Kg7 46. Bd7 Kf6 47. Bb5 Ke6 48. Bc4+ Ke7 49. Bb5 f6 50. Kf1 Ke6 
51. Kg2 Kd6 52. Kf1 Ke6 53. Bc4+ Ke7 54. Bb5 Kd8 55. Ke2 Kc7 56. Be8 Kd6 
57. Bb5 Ke7 58. Bc4 Kd6 59. Bb5 Ke6 60. Bc4+ Ke7 61. Kf1 Kd6 62. Bb5 Ke7 
63. Bc4 Kd7 64. Bb5+ Kc7 65. Ke2 Kd6 66. Kf1 1/2-1/2

[Event "Tuesday 23 January Rapid Engine Tour 12+1 Rounds 9 Starts 1600 ST"]
[Site "Infinity Chess"]
[Date "2018.1.23"]
[Round "2"]
[White "star99"]
[Black "Ninja_Bp"]
[Result "1/2-1/2"]
[ECO "D31"]
[WhiteElo "2434"]
[BlackElo "2433"]
[WhiteEngine "Cryptic AIL V2"]
[BlackEngine "Houdini 6_CTG"]
[EventType "Swiss"]
[WhiteTeam ""]
[BlackTeam ""]
[PlyCount "102"]
[TimeControl "720+1"]

1. d4 d5 2. c4 e6 3. Nc3 c6 4. e4 dxe4 5. Nxe4 Bb4+ 6. Bd2 Qxd4 7. Bxb4 Qxe4+ 
8. Ne2 Na6 9. Bf8 Ne7 10. Bxg7 Nb4 11. Qd6 Nd3+ 12. Kd2 Nf5 13. Qxd3 Qxd3+ 
14. Kxd3 Nxg7 15. Kc3 Bd7 16. Ng3 c5 17. a3 Ke7 18. b4 b6 19. Bd3 Bc6 20. f3 f5 
21. Rhe1 Kf6 22. Ra2 h5 23. bxc5 bxc5 24. Ne2 e5 25. Nc1 Rhe8 26. Rae2 Rad8 
27. h4 Rd4 28. Nb3 Ne6 29. g3 Rxd3+ 30. Kxd3 f4 31. gxf4 Nxf4+ 32. Ke3 Rg8 
33. Nxc5 Nxe2 34. Rxe2 Rg3 35. Ne4+ Bxe4 36. Kxe4 Rh3 37. Kd5 Rxh4 38. c5 Rd4+ 
39. Kc6 Rd3 40. Rc2 Rxf3 41. Kd7 Rd3+ 42. Kc8 Rxa3 43. c6 Ke7 44. c7 Rb3 
45. Rc5 e4 46. Re5+ Kd6 47. Rxe4 Rc3 48. Rd4+ Ke6 49. Rf4 a5 50. Rh4 a4 
51. Rxh5 a3 1/2-1/2

[Event "Tuesday 23 January Rapid Engine Tour 12+1 Rounds 9 Starts 1600 ST"]
[Site "Infinity Chess"]
[Date "2018.1.23"]
[Round "2"]
[White "Longin"]
[Black "NINJA_JENGKA"]
[Result "1/2-1/2"]
[ECO "C53"]
[WhiteElo "2451"]
[BlackElo "2453"]
[WhiteEngine "S_XPrO.251117.x64.POPCNT_CTG"]
[BlackEngine "Houdini 6"]
[EventType "Swiss"]
[WhiteTeam ""]
[BlackTeam ""]
[PlyCount "120"]
[TimeControl "720+1"]

1. e4 e5 2. Nf3 Nc6 3. Bc4 Bc5 4. c3 Nf6 5. d3 d6 6. O-O O-O 7. Bb3 a5 8. Bg5 h6 
9. Bh4 g5 10. Bg3 Kg7 11. Nbd2 Ba7 12. Nc4 b5 13. Ne3 Ne7 14. Bc2 Bxe3 
15. fxe3 Ng6 16. a4 b4 17. d4 Qe7 18. cxb4 axb4 19. d5 Qd7 20. Bd3 c6 
21. dxc6 Qxc6 22. Nd2 Bg4 23. Qb3 Qc5 24. Bc4 Bd7 25. Rf2 Be6 26. Bxe6 fxe6 
27. Rff1 d5 28. Rfc1 Qb6 29. exd5 exd5 30. Nf3 Rfe8 31. h3 Ra6 32. Be1 Rb8 
33. Rc2 Rb7 34. Rac1 Qa5 35. Nh2 Rd7 36. Ra1 d4 37. Nf1 g4 38. Bxb4 Qb6 
39. a5 Qb7 40. hxg4 Nd5 41. Ra4 Rf6 42. Ng3 Kh7 43. Nf5 Nxe3 44. a6 Qb5 
45. Rf2 Nf4 46. Nxe3 dxe3 47. Qc2+ e4 48. Qxe4+ Rg6 49. Rxf4 Qxa4 50. Qxe3 Qxa6 
51. Bc3 Qb6 52. Bd4 Qd8 53. Re4 Qg5 54. Rf4 Qe7 55. Re4 Qg5 56. Qd3 Re7 
57. Kh2 Qh4+ 58. Kg1 Qg5 59. Kh2 Qh4+ 60. Kg1 Qg5 1/2-1/2

[Event "Tuesday 23 January Rapid Engine Tour 12+1 Rounds 9 Starts 1600 ST"]
[Site "Infinity Chess"]
[Date "2018.1.23"]
[Round "2"]
[White "KhalidOmar"]
[Black "SkyPilot"]
[Result "1/2-1/2 "]
[ECO "A46"]
[WhiteElo "2456"]
[BlackElo "2461"]
[WhiteEngine "Eman 1.67 64-bit BMI2"]
[BlackEngine "stockfish_x64_bmi2_2018_01_13_CTG"]
[EventType "Swiss"]
[WhiteTeam ""]
[BlackTeam ""]
[PlyCount "163"]
[TimeControl "720+1"]

1. d4 Nf6 2. Nf3 d5 3. c4 e6 4. Nc3 c6 5. e3 Nbd7 6. Qc2 Bd6 7. Bd3 O-O 
8. O-O dxc4 9. Bxc4 b5 10. Bd3 Bb7 11. e4 e5 12. h3 exd4 13. Nxd4 Nc5 
14. Rd1 Qc7 15. Bg5 Bh2+ 16. Kh1 Be5 17. Nf3 h6 18. Bh4 Rfd8 19. Nxe5 Qxe5 
20. f3 Rd7 21. Bf1 Rad8 22. Rxd7 Rxd7 23. Rd1 a6 24. Ne2 Rxd1 25. Qxd1 Ne6 
26. Qd2 Bc8 27. Bg3 Qc5 28. b4 Qa7 29. Qd6 Qd7 30. Qe5 Qa7 31. Qd6 Qd7 
32. Qe5 Qd3 33. Qb8 Qd7 34. Bf2 Ne8 35. Kg1 Nd6 36. Nc1 Nc4 37. Nb3 g5 
38. Nc5 Nxc5 39. Bxc5 f6 40. h4 Kh7 41. h5 Ne5 42. a3 Kg7 43. Be2 Kf7 
44. Kf1 Qd8 45. Ke1 Qd7 46. Bd6 Nc4 47. Bxc4+ bxc4 48. Kd2 f5 49. Kc3 fxe4 
50. fxe4 Qb7 51. Qxb7+ Bxb7 52. Kxc4 Bc8 53. Kc5 Bg4 54. Kxc6 Bxh5 55. Kb6 Be2 
56. g4 Kf6 57. a4 Ke6 58. Bf8 Ke5 59. Bxh6 Kf4 60. e5 Kxe5 61. Bxg5 Bxg4 
62. Kc5 Ke4 63. a5 Bd1 64. Bh6 Kf5 65. Kd5 Bc2 66. Be3 Bb1 67. Kc5 Ba2 
68. Kb6 Ke6 69. Bf2 Kd7 70. Bc5 Bb1 71. Bd4 Ba2 72. Kc5 Bb1 73. Bc3 Ba2 
74. Ba1 Bb1 75. Kd4 Kc6 76. Bb2 Kb5 77. Kc3 Ba2 78. Bc1 Bg8 79. Bf4 Be6 
80. Bc1 Kc6 81. Bd2 Ba2 82. Kc2 1/2-1/2

[Event "Tuesday 23 January Rapid Engine Tour 12+1 Rounds 9 Starts 1600 ST"]
[Site "Infinity Chess"]
[Date "2018.1.23"]
[Round "2"]
[White "MarioDeMonti"]
[Black "Eman"]
[Result "1/2-1/2"]
[ECO "C55"]
[WhiteElo "2477"]
[BlackElo "2471"]
[WhiteEngine "stockfish_x64_bmi2_2018_01_13_CTG"]
[BlackEngine "Eman 1.67 64-bit POPCNT"]
[EventType "Swiss"]
[WhiteTeam ""]
[BlackTeam ""]
[PlyCount "120"]
[TimeControl "720+1"]

1. e4 e5 2. Nf3 Nc6 3. Bc4 Nf6 4. d3 Bc5 5. c3 a5 6. O-O d6 7. Re1 O-O 8. h3 h6 
9. Nbd2 Be6 10. a4 Ba7 11. b3 d5 12. exd5 Nxd5 13. Ne4 Re8 14. Bd2 Nf6 
15. Qe2 Nxe4 16. Qxe4 Qd7 17. Rad1 Rad8 18. b4 axb4 19. cxb4 Nd4 20. Nxe5 Qc8 
21. Qh4 Bxc4 22. Nxc4 Ne2+ 23. Kf1 Rd4 24. Qh5 Nf4 25. Qg4 Nxd3 26. Qxc8 Rxc8 
27. Bc3 Nxe1 28. Bxd4 Bxd4 29. Rxe1 Bc3 30. Rb1 Re8 31. f3 Kf8 32. Kf2 g6 
33. a5 Bd4+ 34. Kf1 Bc3 35. Kf2 h5 36. g3 Kg7 37. Kf1 h4 38. g4 g5 39. b5 Ra8 
40. b6 cxb6 41. Rxb6 Bxa5 42. Rxb7 Bc3 43. Nd6 Ra1+ 44. Ke2 Kg6 45. Nxf7 Rh1 
46. Kd3 Rxh3 47. Nxg5 Kxg5 48. Kxc3 Rh1 49. Rf7 Kg6 50. Rf5 h3 51. Rh5 h2 
52. Kb2 Kf6 53. f4 Ke7 54. f5 Kf6 55. g5+ Ke5 56. f6 Ke6 57. g6 Kxf6 58. Rh6 Kg7 
59. Rh7+ Kxg6 60. Rh3 Kg5 1/2-1/2

[Event "Tuesday 23 January Rapid Engine Tour 12+1 Rounds 9 Starts 1600 ST"]
[Site "Infinity Chess"]
[Date "2018.1.23"]
[Round "2"]
[White "Marsell"]
[Black "Prometheus"]
[Result "1/2-1/2"]
[ECO "C11"]
[WhiteElo "2499"]
[BlackElo "2451"]
[WhiteEngine "asmFishW_2018-01-11_popcnt"]
[BlackEngine "Eman 1.58-64bit-IDeA"]
[EventType "Swiss"]
[WhiteTeam ""]
[BlackTeam ""]
[PlyCount "138"]
[TimeControl "720+1"]

1. e4 e6 2. d4 d5 3. Nc3 Nf6 4. e5 Nfd7 5. f4 c5 6. Nf3 Nc6 7. Be3 Qb6 
8. Na4 Qa5+ 9. c3 c4 10. b4 Qc7 11. Be2 b5 12. Nc5 Nxc5 13. bxc5 a5 14. a3 Rb8 
15. Bd2 b4 16. axb4 axb4 17. cxb4 Nxb4 18. Bc3 Nc6 19. h4 Be7 20. h5 O-O 
21. h6 g6 22. Qd2 Bd7 23. Kf2 Rfe8 24. g3 Rb7 25. Kg2 Ra7 26. g4 Rea8 
27. Rxa7 Nxa7 28. Ra1 Qb8 29. Bd1 Nb5 30. Rxa8 Qxa8 31. Ba5 Bf8 32. g5 Qa7 
33. Kf2 Be7 34. Ke2 Be8 35. Kf2 Bf8 36. Ke3 Bxc5 37. dxc5 Qxc5+ 38. Ke2 c3 
39. Qd3 d4 40. Ba4 Qa3 41. Qc2 Qc5 42. Qd3 Qa3 43. Qc2 Qc5 44. Qb3 d3+ 
45. Kxd3 Qf2 46. Qd1 Bc6 47. Kc4 Na3+ 48. Kb4 Qb2+ 49. Qb3 Bxf3 50. Kc5 Qxb3 
51. Bxb3 Bd1 52. Bb4 Bxb3 53. Bxa3 Kf8 54. Kb4 Bd1 55. Kxc3+ Ke8 56. Kd3 Kd7 
57. Ke3 Bb3 58. Kd4 Ba4 59. Bb4 Bb5 60. Bd6 Bc6 61. Bb8 Bd5 62. Kc5 Bf3 
63. Kb6 Bd5 64. Kb5 Bb3 65. Kb6 Bd5 66. Kb5 Ba2 67. Kb4 Kc6 68. Bd6 Bb1 
69. Kc4 Bc2 1/2-1/2

[Event "Tuesday 23 January Rapid Engine Tour 12+1 Rounds 9 Starts 1600 ST"]
[Site "Infinity Chess"]
[Date "2018.1.23"]
[Round "2"]
[White "Gilgamesch"]
[Black "RonWeasley"]
[Result "1/2-1/2"]
[ECO "C11"]
[WhiteElo "2481"]
[BlackElo "2521"]
[WhiteEngine "BrainFish_171005_x64_bmi2"]
[BlackEngine "BrainFish 130117_CTG"]
[EventType "Swiss"]
[WhiteTeam ""]
[BlackTeam ""]
[PlyCount "76"]
[TimeControl "720+1"]

1. e4 e6 2. d4 d5 3. Nc3 Nf6 4. e5 Nfd7 5. f4 c5 6. Nf3 Nc6 7. Be3 cxd4 
8. Nxd4 Qb6 9. Qd2 Qxb2 10. Rb1 Qa3 11. Bb5 Nxd4 12. Bxd4 a6 13. Bxd7+ Bxd7 
14. Rb3 Qe7 15. Rxb7 Rc8 16. O-O Qd8 17. Qe3 Rc4 18. Rfb1 Be7 19. f5 Bg5 
20. Qd3 O-O 21. Ne4 Bc8 22. Bb6 Be3+ 23. Qxe3 Qh4 24. Nf6+ gxf6 25. Rc7 exf5 
26. Rxc4 dxc4 27. exf6 Kh8 28. Bc7 Rg8 29. Bg3 Qg4 30. c3 Bd7 31. Qf4 Qe2 
32. Rb8 Qd1+ 33. Kf2 Qc2+ 34. Kg1 Qd1+ 35. Qf1 Qg4 36. Rb6 Qe4 37. Qf4 Qd3 
38. Rb8 Qd1+ 1/2-1/2

[Event "Tuesday 23 January Rapid Engine Tour 12+1 Rounds 9 Starts 1600 ST"]
[Site "Infinity Chess"]
[Date "2018.1.23"]
[Round "1"]
[White "Dinkelberger"]
[Black "Longin"]
[Result "1/2-1/2 "]
[ECO "C77"]
[WhiteElo "2368"]
[BlackElo "2454"]
[WhiteEngine "stockfish_18011309_x64_modern_CTG"]
[BlackEngine "S_XPrO.251117.x64.POPCNT_CTG"]
[EventType "Swiss"]
[WhiteTeam ""]
[BlackTeam ""]
[PlyCount "198"]
[TimeControl "720+1"]

1. e4 e5 2. Nf3 Nc6 3. Bb5 a6 4. Ba4 Nf6 5. O-O b5 6. Bb3 Bc5 7. c3 d6 8. d4 Bb6 
9. a4 Rb8 10. axb5 axb5 11. Na3 Ra8 12. Bg5 h6 13. Bh4 g5 14. Bg3 O-O 
15. Qc2 Ra5 16. dxe5 Nxe5 17. Nxe5 dxe5 18. Bxe5 Ng4 19. Bg3 h5 20. Rad1 Qe7 
21. h3 h4 22. Bxh4 gxh4 23. hxg4 Bxg4 24. Rd3 Qg5 25. Qd2 Qxd2 26. Rxd2 Re8 
27. Bd5 Bc5 28. Nc2 Ra6 29. Nd4 Rg6 30. f3 Bd7 31. b4 Bb6 32. Kh1 Rf6 
33. Bb7 Re7 34. Ba8 Re8 35. Ra1 Kf8 36. Bb7 Rd6 37. Rad1 Re7 38. Ba8 Re8 
39. Bd5 c6 40. Bb3 Re7 41. Rb2 Re8 42. Rbd2 Re7 43. Ra2 c5 44. bxc5 Bxc5 
45. Bd5 Rf6 46. Rd3 Re8 47. Nb3 Bb6 48. Rad2 Bc7 49. Bxf7 Rxe4 50. Rd1 Re7 
51. Rxd7 Kxf7 52. Rxe7+ Kxe7 53. Nd4 Rb6 54. Rb1 Kf6 55. Rxb5 Ra6 56. Rf5+ Kg6 
57. f4 Ra3 58. Rg5+ Kf6 59. Rg4 Rxc3 60. Rxh4 Rc4 61. Rh6+ Kg7 62. Nf5+ Kf7 
63. g3 Bxf4 64. gxf4 Rxf4 65. Ng3 Rf6 66. Rh5 Rf2 67. Kg1 Rc2 68. Rh6 Ke7 
69. Nf5+ Kd8 70. Rh7 Rc7 71. Rh8+ Kd7 72. Rh6 Rc5 73. Ne3 Rc6 74. Rh7+ Kd6 
75. Kf2 Ke5 76. Ke2 Rc8 77. Rh4 Rb8 78. Rh5+ Ke4 79. Rh4+ Ke5 80. Nc4+ Kd5 
81. Ke3 Rb4 82. Kd3 Rb3+ 83. Kd2 Rb1 84. Na5 Ke5 85. Ke2 Ra1 86. Nc4+ Kf5 
87. Ne3+ Kg6 88. Rh8 Kg7 89. Rh5 Kg6 90. Rb5 Rg1 91. Kd3 Rg5 92. Rb6+ Kh5 
93. Re6 Rb5 94. Ke2 Ra5 95. Re8 Ra2+ 96. Kf3 Ra3 97. Rc8 Ra5 98. Rh8+ Kg6 
99. Ke4 Ra4+ 1/2-1/2